 Dungeon Crawl Stone Soup version 0.28-a0-1415-g7c84da036a (webtiles) character file.

Game seed: 4220913037203045750

6771 gimp the Basher (level 10, -6/74 HPs)
             Began as a Mummy Wanderer on Jan 8, 2022.
             Was a Priest of Okawaru.
             Mangled by an eight-headed hydra (11 damage)
             ... on level 1 of the Lair of Beasts.
             The game lasted 00:33:53 (14878 turns).

gimp the Basher (Mummy Wanderer)                   Turns: 14878, Time: 00:33:54

Health: -6/74      AC: 24    Str: 20    XL:     10   Next: 76%
Magic:  11/13      EV:  9    Int: 10    God:    Okawaru [***...]
Gold:   405        SH:  0    Dex: 13    Spells: 9/9 levels left

rFire   x . .      SeeInvis .   b - +1 morningstar
rCold   + . .      Faith    .   (no shield)
rNeg    + + +      Spirit   .   n - +0 plate armour
rPois   ∞          Reflect  .   (no helmet)
rElec   .          Harm     .   m - +2 cloak
rCorr   .          Rampage  .   p - +0 pair of gloves
Will    .....                   k - +2 pair of boots {Stlth+}
Stlth   ..........              (no amulet)
HPRegen 0.22/turn               (no ring)
MPRegen 0.13/turn               (no ring)

@: weak-willed, heroic, studying Ice Magic
A: cold resistance 1, negative energy resistance 3, torment resistance 2, heat
vulnerability 1, no potions
a: Renounce Religion, Heroism


You were on level 1 of the Lair of Beasts.
You worshipped Okawaru.
Okawaru was most pleased with you.
You visited 3 branches of the dungeon, and saw 12 of its levels.

You collected 662 gold pieces.
You spent 257 gold pieces at shops.

Inventory:

Hand Weapons
 b - a +1 morningstar (weapon)
Missiles
 c - a datura-tipped dart (quivered)
 d - 7 atropa-tipped darts
 h - a curare-tipped dart
 s - 24 poisoned darts
Armour
 k - a +2 pair of boots of stealth (worn)
 m - a +2 cloak (worn)
 n - a +0 plate armour (worn)
 p - a +0 pair of gloves (worn)
 q - +0 acid dragon scales
Jewellery
 l - a ring of ice
Wands
 f - a wand of flame (11)
 o - a wand of mindburst (3)
 t - a wand of polymorph (11)
 w - a wand of digging (6)
Scrolls
 g - 3 scrolls of teleportation
 i - 2 scrolls of identify
 j - 2 scrolls of vulnerability
 u - a scroll of torment
 v - 3 scrolls of blinking
 x - a scroll of immolation
Miscellaneous
 a - a tin of tremorstones (2/2)


   Skills:
 - Level 5.0(10.0) Fighting
 * Level 10.8(15.8) Maces & Flails
 - Level 1.5(12.0) Staves
 + Level 7.2(12.2) Armour
 - Level 2.0(7.0) Dodging
 - Level 1.5(6.5) Stealth
 + Level 4.6 Invocations


You had 9 spell levels left.
You didn't know any spells.
Your spell library contained the following spells:

 Spells                   Type           Power      Damage    Failure   Level
 Sandblast                Erth           0%         2d4       99%         1
 Passwall                 Tmut/Erth      0%         N/A       100%        2
 Confusing Touch          Hex            0%         N/A       100%        3
 Portal Projectile        Hex/Tloc       0%         N/A       100%        3
 Stone Arrow              Conj/Erth      0%         3d7       100%        3
 Cause Fear               Hex            0%         N/A       100%        4
 Passage of Golubria      Tloc           0%         N/A       100%        4
 Silence                  Hex/Air        0%         N/A       100%        5
 Lehudib's Crystal Spear  Conj/Erth      0%         10d2      100%        8
 Animate Armour           Summ/Erth      Unusable   N/A       N/A         4
 Summon Ice Beast         Ice/Summ       Unusable   N/A       N/A         4

Dungeon Overview and Level Annotations

Branches:
Dungeon (10/15)            Temple (1/1) D:7            Lair (1/6) D:8
    Orc (0/2) D:10

Altars:
Ashenzari
Cheibriados
Dithmenos
Elyvilon
Fedhas
Gozag
Hepliaklqana
Kikubaaqudgha
Makhleb
Nemelex Xobeh
Okawaru
Qazlal
Ru
Sif Muna
Trog
Uskayaw
Vehumet
Wu Jian
Xom
Yredelemnul
Zin
The Shining One

Shops:
D:4 [*

Portals:
Ice
Cave: Lair:1

Annotations:
D:7 Harold
D:8 1 runed translucent door


Innate Abilities, Weirdness & Mutations

You are immune to poison.
Your flesh is cold resistant. (rC+)
You are immune to negative energy. (rN+++)
You are immune to unholy pain and torment.
You are vulnerable to heat. (rF-)
You do not drink.


Message History

The eight-headed hydra bites you! The eight-headed hydra bites you.
The eight-headed hydra bites you but does no damage. x5
You take 11 damage, and have 43/74 hp.
You thump the eight-headed hydra!
The eight-headed hydra is severely wounded.
You hit the eight-headed hydra.
The eight-headed hydra is severely wounded.
The eight-headed hydra bites you but does no damage.
The eight-headed hydra bites you.
The eight-headed hydra completely misses you.
The eight-headed hydra closely misses you.
The eight-headed hydra barely misses you.
The eight-headed hydra bites you but does no damage.
The eight-headed hydra bites you.
The eight-headed hydra barely misses you.
You take 10 damage, and have 33/74 hp.
You hit the eight-headed hydra.
The eight-headed hydra is severely wounded.
The eight-headed hydra completely misses you.
The eight-headed hydra bites you but does no damage. x2
The eight-headed hydra bites you. x2
The eight-headed hydra closely misses you.
The eight-headed hydra bites you!
* * * LOW HITPOINT WARNING * * *
The eight-headed hydra barely misses you.
You take 12 damage, and have 21/74 hp.
You thump the eight-headed hydra!
The eight-headed hydra is almost dead.
The eight-headed hydra bites you but does no damage.
The eight-headed hydra barely misses you.
The eight-headed hydra bites you.
* * * LOW HITPOINT WARNING * * *
The eight-headed hydra bites you.
* * * LOW HITPOINT WARNING * * *
The eight-headed hydra bites you!
* * * LOW HITPOINT WARNING * * *
The eight-headed hydra bites you.
* * * LOW HITPOINT WARNING * * *
The eight-headed hydra bites you!
You die...

..........#
#.....##
..........#
##......#
..........#
#......P#
##+####..#
##.....## ... #..
##.....P# #..#..
#.......# #....
#P.....##
.∩.#...###......#
#.....D@......#
#..#...........#
...............#
................#
................#
P.#####..###.####
# #### ##


You could see an eight-headed hydra (weak-willed).

Vanquished Creatures
  An ogre mage (D:8)
  Joseph (D:9)
  A hornet (D:10)
  A wraith (D:9)
  6 yaks
  3 humans
  A fire bat (D:10)
  2 vampire mosquitoes (D:10)
  Menkaure (D:7)
  3 ice beasts
  2 sky beasts
  4 ogres
  A necrophage (D:7)
  2 centaurs
  3 kobold brigands
  3 bullfrogs
  A gnoll sergeant (D:5)
  A water moccasin zombie (D:5)
  3 scorpions
  5 killer bees
  13 wights
  4 hounds
  7 centaur zombies
  A gnoll shaman (D:6)
  3 orc priests (D:9)
  A bullfrog skeleton (D:5)
  A centaur skeleton (D:6)
  3 iguanas
  An orc wizard (D:6)
  2 killer bee zombies
  5 adders
  7 gnolls
  A howler monkey skeleton (D:7)
  A river rat (D:9)
  A shadow imp (D:8)
  A white imp (D:6)
  2 ufetubi
  4 worms
  3 dart slugs
  21 orcs
  2 bats (D:3)
  7 endoplasms
  2 giant cockroaches
  9 goblins
  4 hobgoblins
  7 jackals
  2 quokkas
  2 ball pythons
  A frilled lizard (D:1)
  18 kobolds
  5 rats
186 creatures vanquished.

Notes
Turn   | Place    | Note
-------+----------+-------------------------------------------
     0 | D:1      | gimp the Mummy Wanderer began the quest for the Orb.
     0 | D:1      | gimp set off with the following items: a +0 dagger, an
                  | atropa-tipped dart, a datura-tipped dart, a +0
                  | quarterstaff, a +0 scale mail
     0 | D:1      | Reached XP level 1. HP: 13/13 MP: 1/1
   261 | D:1      | Found a faded altar of an unknown god.
   272 | D:1      | Reached skill level 1 in Fighting
   446 | D:1      | Reached XP level 2. HP: 21/21 MP: 2/2
  1088 | D:1      | Reached XP level 3. HP: 16/27 MP: 3/3
  1919 | D:2      | Reached XP level 4. HP: 33/35 MP: 4/4
  2281 | D:3      | Reached skill level 1 in Maces & Flails
  2493 | D:3      | Reached XP level 5. HP: 39/42 MP: 5/5
  3124 | D:4      | Found Ciuw's Antique Armour Shop.
  3149 | D:4      | Bought a glowing cloak for 142 gold pieces
  3430 | D:4      | Found Quihipt's General Store.
  3436 | D:4      | Noticed an ogre
  3449 | D:4      | Killed an ogre
  3707 | D:4      | Bought a +0 morningstar for 40 gold pieces
  4143 | D:5      | Entered Level 5 of the Dungeon
  4253 | D:5      | Reached skill level 2 in Maces & Flails
  4253 | D:5      | Reached XP level 6. HP: 39/50 MP: 6/6
  4282 | D:5      | Reached skill level 5 in Fighting
  4480 | D:5      | Reached skill level 3 in Maces & Flails
  4825 | D:5      | Noticed a sky beast
  4844 | D:5      | Reached XP level 7. HP: 48/56 MP: 7/7
  4927 | D:4      | Reached skill level 4 in Maces & Flails
  5086 | D:5      | Reached skill level 5 in Maces & Flails
  5263 | D:5      | Found a sacrificial altar of Ru.
  6105 | D:6      | Identified the +6 trident "Nuutoca" {drain, *Noise Dex+4}
  6163 | D:6      | Reached skill level 6 in Maces & Flails
  6163 | D:6      | Reached XP level 8. HP: 53/62 MP: 8/8
  6815 | D:6      | Reached skill level 7 in Maces & Flails
  7320 | D:6      | Found a burning altar of Makhleb.
  7979 | D:7      | Reached skill level 5 in Armour
  8218 | D:7      | Noticed Menkaure
  8226 | D:7      | Killed Menkaure
  8227 | D:7      | Reached skill level 8 in Maces & Flails
  8227 | D:7      | Reached XP level 9. HP: 68/68 MP: 9/9
  8232 | D:7      | Found a staircase to the Ecumenical Temple.
  8239 | Temple   | Entered the Ecumenical Temple
  9305 | D:8      | Got the Guide on the Creative Oath
  9369 | D:8      | Found a staircase to the Lair.
  9451 | D:8      | Found an iron altar of Okawaru.
  9455 | D:8      | Became a worshipper of Warmaster Okawaru
 10038 | D:8      | Reached skill level 1 in Invocations
 10039 | D:8      | Reached skill level 9 in Maces & Flails
 10175 | D:8      | Noticed Harold
 11291 | D:9      | Reached * piety under Okawaru
 11424 | D:9      | Reached XP level 10. HP: 59/74 MP: 10/12
 11842 | D:9      | Found a shimmering blue altar of Sif Muna.
 12000 | D:9      | Noticed Joseph
 12017 | D:9      | Killed Joseph
 12336 | D:10     | Entered Level 10 of the Dungeon
 12597 | D:10     | Reached skill level 10 in Maces & Flails
 12601 | D:10     | Reached ** piety under Okawaru
 13007 | D:4      | Bought a scroll of blinking for 75 gold pieces
 13214 | D:8      | Found a runed translucent door.
 13217 | D:8      | Found a basalt altar of Yredelemnul.
 13291 | D:8      | Noticed an ogre mage
 13301 | D:8      | Killed an ogre mage
 13821 | D:10     | Found a snail-covered altar of Cheibriados.
 13835 | D:10     | Found a staircase to the Orcish Mines.
 14776 | Lair:1   | Entered Level 1 of the Lair of Beasts
 14812 | Lair:1   | Reached *** piety under Okawaru
 14865 | Lair:1   | Found a frozen archway.
 14866 | Lair:1   | Noticed an eight-headed hydra
 14878 | Lair:1   | Mangled by an eight-headed hydra

Illustrated notes

Levels and vault maps discovered:
D:1:      roderic_octagonal_star, layout_rooms,
          shapermc_ecumenical_altar_totnotflames
D:2:      layout_basic
D:3:      layout_basic
D:4:      layout_loops_corners, serial_shops, shop_fountains,
          kennysheep_windowed_goal
D:5:      layout_basic, nicolae_ru_awakened_eye, minmay_manual_monolith
D:6:      layout_basic, makhleb_heckhound_becter, serial_curves, eino_curves_04,
          eino_curves_01
D:7:      layout_gridville, temple_green, minmay_ruffians, uniq_menkaure
D:8:      layout_basic, dk_yredelemnul_ordeal, okawaru_metal_pillars_3,
          lair_entry_dummy, minmay_three_doors, uniq_harold
D:9:      layout_gridville, overflow_temple_1_default, chequers_arboretum,
          minmay_puff, uniq_joseph
D:10:     layout_loops_corners, mainiacjoe_overflow_alcove_4
Temple:   eino_temple_scatter_basement
Lair:1:   layout_chaotic_city, portal_ice_cave_entry_pillars_2, nzn_random_ring,
          grunt_megastairs_3, lemuel_fruit_fields

Skill      XL: |  1  2  3  4  5  6  7  8  9 10 |
---------------+-------------------------------+-----
Fighting       | 1 2 3 4 5 |  5.0
Dodging        | 2 |  2.0
Maces & Flails | 1 2 3 6 8 9 10 | 10.8
Armour         | 5 6 7 |  7.2
Invocations    | 2 4 |  4.6
Staves         | |  1.5
Stealth        | |  1.5

Action                   |  1- 3 |  4- 6 |  7- 9 | 10-12 || total
-------------------------+-------+-------+-------+-------++-------
Melee: Quarterstaff      |    99 |   177 |   172 |       ||   448
       Flail             |       |       |   450 |    70 ||   520
       Punch             |       |       |     5 |     4 ||     9
       Morningstar       |       |       |       |   107 ||   107
Throw: Dart              |       |       |     4 |       ||     4
       Throwing net      |       |       |       |     1 ||     1
Invok: Heroism           |       |       |       |     7 ||     7
Evoke: Wand              |       |       |     9 |     5 ||    14
  Use: Scroll            |       |       |       |    14 ||    14
 Stab: Sleeping          |       |     1 |     1 |       ||     2
Armor: Scale mail        |    49 |   136 |   377 |    36 ||   598
       Plate armour      |       |       |       |    72 ||    72
Dodge: Dodged            |    39 |   126 |   335 |    82 ||   582

Table legend: (Time is in decaauts)
 A = Elapsed time spent in this place.
 B = Non-inter-level travel time spent in this place.
 C = Inter-level travel time spent in this place.
 D = Time resting spent in this place.
 E = Time spent auto-exploring this place.
 F = Levels seen in this place.
 G = Mean time per level.
                   A        B        C        D        E       F      G
               +--------+--------+--------+--------+--------+-----+--------+
         Total |  14945 |  14176 |    769 |    911 |  10525 |  12 | 1245.4 |
       Dungeon |  14688 |  13928 |    760 |    911 |  10390 |  10 | 1468.8 |
        Temple |    161 |    152 |      9 |      0 |    135 |   1 |  161.0 |
          Lair |     95 |     95 |      0 |      0 |      0 |   1 |   95.0 |
               +--------+--------+--------+--------+--------+-----+--------+

Top non-repeatable levels by time:
     D:9: 2188 daAuts
     D:5: 1843 daAuts
     D:6: 1799 daAuts
     D:8: 1774 daAuts
     D:7: 1341 daAuts
    D:10: 1328 daAuts
     D:4: 1273 daAuts
     D:1: 1210 daAuts
     D:2: 1025 daAuts
     D:3: 903 daAuts
  Temple: 161 daAuts
  Lair:1: 95 daAuts
